Map: Kairos Junction LE

Players

Aeonaxx

  • Race: Zerg Zerg
  • League: Silver
  • Spawn Location: 5:00

ZaZen - Winner!

  • Race: Terran Terran
  • League: Silver
  • Spawn Location: 11:00

VOD

Have the link to the VOD?

Description

Time

  • Played on: May 18, 2019, 11:20 a.m.
  • Length: 13:29
Show
View Real Time Build Order
Export as new Build Order

Aeonaxx Zerg 

Build Orders: Hatch First, Lurkers 

Get SALT Encoding   

  12  0:08  Drone  
  12  0:13  Drone  
  14  0:18  Overlord  
  14  0:37  Drone  
  14  0:38  Drone  
  16  0:43  Drone  
  17  1:03  Hatchery  
  16  1:04  Extractor  
  16  1:06  Drone x2  
  17  1:18  Spawning Pool  
  16  1:28  Drone x2  
  18  1:44  Drone  
  19  2:23  Queen x2  
  19  2:26  Zergling x2  
  19  2:27  Zergling x4  
  26  2:34  Extractor  
  25  2:38  Roach Warren  
  25  2:41  Overlord x2  
  24  2:47  Zergling x4  
  24  2:49  Metabolic Boost  
  26  3:28  Spore Crawler  
  26  3:33  Drone  
  29  3:34  Drone x5  
  29  3:37  Lair  
  24  4:11  Drone  
  24  4:12  Drone x7  
  32  4:19  Spore Crawler  
  32  4:21  Spore Crawler  
  30  4:41  Drone x3  
  30  4:42  Drone x4  
  37  4:53  Extractor  
  37  4:56  Extractor  
  35  5:04  Hydralisk Den  
  35  5:07  Drone x8  
  42  5:23  Spine Crawler  
  41  5:33  Spore Crawler  
  40  5:46  Evolution Chamber  
  40  5:49  Overlord x3  
  39  5:50  Overlord  
  39  5:51  Evolution Chamber  
  38  6:18  Hydralisk x2  
  38  6:19  Hydralisk x7  
  56  6:33  Pneumatized Carapace  
  56  6:36  Grooved Spines  
  56  6:38  Zerg Missile Weapons Level 1  
  56  6:58  Drone x8  
  56  6:59  Drone  
  65  7:04  Hatchery  
  64  7:09  Zerg Ground Armor Level 1  
  64  7:29  Hydralisk x2  
  68  7:49  Lurker Den  
  67  8:04  Muscular Augments  
  67  8:12  Overlord x2  
  67  8:13  Overlord x4  
  67  8:40  Zerg Missile Weapons Level 2  
  67  8:46  Hydralisk  
  67  8:47  Hydralisk x11  
  91  9:03  Spore Crawler  
  91  9:09  Drone x5  
  95  9:48  Drone  
  95  9:49  Drone x15  
  111  10:03  Lurker x2  
  111  10:04  Lurker  
  111  10:06  Lurker  
  115  10:20  Extractor  
  114  10:22  Extractor  
  114  10:24  Zerg Ground Armor Level 2  
  69  11:20  Roach  
  69  11:21  Roach x10  
  90  11:58  Hatchery  
  85  12:03  Hydralisk  
  85  12:04  Hydralisk x8  
  85  12:07  Lurker x2  
  85  12:08  Lurker x2  
  106  12:09  Hatchery  
  59  12:51  Roach x6  
  52  13:10  Roach x2  
Show
View Real Time Build Order
Export as new Build Order

ZaZen Terran - Winner!

Build Orders:  

Get SALT Encoding   

  12  0:04  SCV  
  13  0:16  SCV  
  13  0:20  Supply Depot  
  14  0:31  SCV, Refinery  
  15  0:43  SCV  
  15  0:45  Barracks  
  16  0:56  SCV  
  17  1:02  Refinery  
  17  1:09  SCV  
  18  1:32  Orbital Command  
  18  1:39  Factory  
  18  1:42  Barracks Reactor  
  18  2:01  SCV  
  19  2:14  SCV  
  20  2:21  Supply Depot  
  20  2:31  Hellion  
  20  2:32  Barracks Tech Lab  
  20  2:34  SCV  
  23  2:42  Starport  
  23  2:43  Hellion  
  25  2:56  Command Center  
  25  3:01  SCV  
  28  3:05  Hellion  
  28  3:13  Marine  
  28  3:17  Stimpack  
  29  3:24  Starport Tech Lab  
  29  3:39  Marine  
  30  3:46  SCV  
  31  4:07  Banshee  
  28  4:15  Hellion x2  
  32  4:17  Orbital Command  
  32  4:24  Barracks  
  32  4:29  SCV  
  33  4:49  Orbital Command  
  33  4:53  Barracks  
  33  5:13  Hellion  
  35  5:19  Raven  
  35  5:20  Engineering Bay  
  37  5:23  Engineering Bay  
  37  5:25  Marine  
  37  5:27  Barracks Reactor  
  38  5:34  SCV x2, Barracks  
  40  5:39  Barracks  
  40  5:46  SCV  
  40  5:48  Barracks Reactor  
  41  5:52  SCV  
  42  5:58  SCV  
  34  6:12  SCV  
  34  6:13  SCV  
  34  6:17  Refinery  
  36  6:19  Marine  
  36  6:20  Refinery, Marine x3  
  36  6:25  SCV, Hellion  
  45  6:26  Hellion  
  45  6:33  Terran Infantry Weapons Level 1, Terran Infantry Armor Level 1  
  45  6:35  Supply Depot  
  45  6:36  Supply Depot  
  45  6:37  Marine  
  46  6:40  Banshee  
  46  6:41  SCV  
  46  6:42  SCV  
  46  6:44  Barracks Reactor  
  46  6:45  Barracks Reactor  
  46  6:46  Marine x2  
  53  6:54  SCV  
  54  6:57  SCV  
  54  6:59  Supply Depot  
  55  7:06  SCV  
  56  7:09  SCV  
  56  7:14  Marine x4  
  56  7:15  Marine  
  62  7:21  Combat Shield  
  62  7:23  Marine x3  
  62  7:24  Marine  
  62  7:32  Marine  
  62  7:35  Liberator  
  63  7:42  SCV x2  
  65  7:45  Marine x6  
  65  7:49  Siege Tank  
  74  7:54  SCV  
  74  7:55  Supply Depot  
  78  7:59  Supply Depot  
  78  8:01  SCV  
  78  8:03  Marine x2  
  78  8:04  Marine  
  82  8:06  SCV, Marine  
  82  8:10  Marine  
  82  8:11  Marine  
  86  8:16  Marine x2  
  86  8:17  SCV  
  86  8:18  SCV  
  86  8:19  Supply Depot  
  90  8:24  Supply Depot  
  90  8:28  Armory  
  90  8:39  SCV  
  90  8:40  SCV, Sensor Tower, Concussive Shells, Marine x2  
  90  8:41  Marine x3  
  97  8:50  Supply Depot  
  97  8:51  Supply Depot  
  97  8:52  SCV x2  
  99  8:56  Marine  
  99  8:57  Marine x2  
  102  9:04  SCV  
  103  9:14  SCV  
  103  9:15  Marine x4  
  103  9:16  SCV, Marine x2  
  111  9:18  Siege Tank  
  114  9:33  Terran Infantry Weapons Level 2, Factory  
  114  9:34  Terran Infantry Armor Level 2  
  111  9:52  SCV x2  
  113  9:53  Marine x5  
  113  9:54  Marine x3  
  113  9:57  Medivac x2  
  125  10:04  SCV  
  126  10:07  SCV  
  126  10:08  Marine  
  128  10:16  SCV  
  128  10:17  Supply Depot  
  128  10:19  Supply Depot x2  
  129  10:21  SCV  
  129  10:24  Marine x4  
  134  10:36  SCV, Medivac x2, Marine x2  
  123  11:04  SCV  
  123  11:05  SCV, Marine  
  123  11:06  Marine x6  
  123  11:07  Marine x2  
  126  11:12  Siege Tank  
  126  11:16  SCV  
  130  11:19  Liberator x2, Factory Tech Lab  
  130  11:31  Marine x5  
  130  11:32  Marine x4  
  145  11:44  Siege Tank  
  148  12:29  Marine  
  145  12:30  Marine x5  
  113  13:00  Marine  
  113  13:01  Marine x6  
  113  13:02  Marine x2  
Tags
 
Composition
Lurkers
Matchup
TvZ
Spawn Locations
Cross Positions
Add a new tag
Caveats
  • Supply blocks, unpowered buildings, or Contaminate may cause inaccurate times.
  • Supply counts are checked every 10 seconds.